 Dungeon Crawl Stone Soup version 0.17-a0-1997-ga88ed7d (webtiles) character file.

1049 hydrated21 the Skirmisher (level 8, 0/71 HPs)
             Began as a Minotaur Monk on Oct 8, 2015.
             Was an Elder of Nemelex Xobeh.
             Slain by an orc warrior
             ... wielding a +0 battleaxe
              (7 damage)
             ... on level 6 of the Dungeon.
             The game lasted 00:18:05 (5269 turns).

hydrated21 the Skirmisher (Minotaur Monk)           Turns: 5269, Time: 00:18:05

Health: 0/71       AC: 10    Str: 17    XL:     8   Next: 5%
Magic:  0/7        EV: 10    Int:  7    God:    Nemelex Xobeh [****..]
Gold:   75         SH:  0    Dex: 14    Spells: 0 memorised, 7 levels left

rFire  . . .     SeeInvis +     m - +1 hand axe (chop)
rCold  . . .     Clarity  .     n - +0 chain mail
rNeg   . . .     SustAt   .     (no shield)
rPois  .         Gourm    .     (helmet restricted)
rElec  .         Spirit   +     (no cloak)
rCorr  .         Warding  .     D - +0 pair of gloves
rMut   .         Stasis   .     (no boots)
MR     .....                    A - amulet of guardian spirit
Stlth  ..........               u - ring of see invisible
                                d - +1 ring of evasion

@: confused, cleaving, not resistant to hostile enchantments, extremely
unstealthy
A: retaliatory headbutt, horns 2
a: Triple Draw, Deal Four, Renounce Religion


You were on level 6 of the Dungeon.
You worshipped Nemelex Xobeh.
Nemelex Xobeh was greatly pleased with you.
You were not hungry.

You visited 2 branches of the dungeon, and saw 7 of its levels.
You also visited: Ossuary.

You collected 219 gold pieces.
You spent 144 gold pieces at shops.

Inventory:

Hand Weapons
 e - a +0 spear
 m - a +1 hand axe of chopping (weapon)
Missiles
 k - 21 silver sling bullets
Armour
 a - a +0 robe
 n - a +0 chain mail (worn)
 r - a +0 scale mail
 D - a +0 pair of gloves (worn)
Magical Staves
 B - an uncursed staff of summoning {unknown}
Jewellery
 d - a +1 ring of evasion (left hand)
 u - a ring of see invisible (right hand)
 A - an amulet of guardian spirit (around neck)
 E - an uncursed ring of poison resistance
Wands
 i - a wand of slowing (22)
 w - a wand of random effects (22)
 z - a wand of flame (24)
Scrolls
 c - 4 scrolls of remove curse
 h - a scroll of amnesia
 j - a scroll of immolation {unknown}
 l - a scroll of teleportation
 o - a scroll of magic mapping
 y - a scroll of blinking {unknown}
Potions
 f - 3 potions of lignification
Miscellaneous
 p - a plain deck of destruction {drawn: 1}
 q - a plain deck of war {drawn: 2}
 t - a plain deck of war {drawn: 3}
 x - a plain deck of destruction
 C - a legendary deck of war {drawn: 6}
Comestibles
 b - 2 bread rations
 g - 3 fruits
 s - 3 slices of pizza


   Skills:
 + Level 6.4 Fighting
 + Level 5.1(5.2) Axes
 + Level 1.2(3.4) Polearms
 + Level 4.7 Armour
 + Level 5.7 Dodging
 + Level 1.9 Stealth
 + Level 5.3 Unarmed Combat
 + Level 0.8 Evocations


You had 7 spell levels left.
You didn't know any spells.

Dungeon Overview and Level Annotations

Branches:
Dungeon (6/15)             Temple (1/1) D:5

Altars:
Ashenzari
Cheibriados
Dithmenos
Elyvilon
Fedhas
Gozag
Kikubaaqudgha
Makhleb
Nemelex Xobeh
Okawaru
Qazlal
Ru
Sif Muna
Trog
Vehumet
Xom
Yredelemnul
Zin
The Shining One

Shops:
D:6 [


Innate Abilities, Weirdness & Mutations

You reflexively headbutt those who attack you in melee.
You have a pair of horns on your head.


Message History

The orc wizard hits you but does no damage.
You see here a tomahawk.
The jackal completely misses you.
The orc wizard gestures at you while chanting.
The magic dart hits you!
* * * LOW HITPOINT WARNING * * *
You miss the orc wizard.
You headbutt the orc wizard, but do no damage.
The orc wizard is almost dead.
You hit the jackal.
You kill the jackal!
The orc warrior throws a tomahawk.
The tomahawk misses you. The orc wizard closely misses you.
The orc priest barely misses you.
The orc warrior hits you with a battleaxe!
* * * LOW HITPOINT WARNING * * *
You're too confused to move!
The orc priest barely misses you.
The orc warrior hits you with a battleaxe!
You die...
Your body disappears without a glow.

#### ..#
#..#####.#######
........o......#
#.######o#####.#
###.o@## #....).#
...>...#....#
.....######$#.#
............#.# #
#..>.#######(#.# #
###.##.######.(#.#
#
#......#...##.##.#
.####
##...........#.##.#
.....


You could see an orc warrior, an orc priest and an orc wizard.

Vanquished Creatures
  An ogre (D:4)
  An elf zombie (Ossuary)
  2 scorpions
  2 crimson imps (D:5)
  4 centaur zombies (Ossuary)
  A jelly (D:5)
  A giant frog skeleton (D:6)
  2 hounds (D:5)
  Ijyb (D:2)
  Terence (D:2)
  A worker ant (D:4)
  2 orc wizards (D:6)
  A big kobold zombie (Ossuary)
  2 hound zombies (Ossuary)
  3 mummies (Ossuary)
  3 gnolls (D:3)
  2 adders
  3 oozes
  5 adder zombies (Ossuary)
  4 worms
  19 orcs
  5 bats
  3 giant cockroaches
  10 goblins
  4 hobgoblins
  9 jackals
  12 kobolds
  4 quokkas
  A ball python (D:3)
  2 giant gecko skeletons
  3 giant newts (D:2)
  2 gnoll zombies (Ossuary)
  2 goblin zombies (Ossuary)
  3 hobgoblin zombies (Ossuary)
  6 jackal zombies (Ossuary)
  5 kobold zombies (Ossuary)
  3 orc zombies (Ossuary)
  A quokka skeleton (D:5)
  A quokka zombie (Ossuary)
  10 rats
  2 rat zombies (Ossuary)
149 creatures vanquished.

Vanquished Creatures (collateral kills)
  An orc warrior (D:6)
  3 orcs (D:4)
4 creatures vanquished.

Grand Total: 153 creatures vanquished

Notes
Turn   | Place    | Note
--------------------------------------------------------------
     0 | D:1      | hydrated21 the Minotaur Monk began the quest for the Orb.
     0 | D:1      | Reached XP level 1. HP: 19/19 MP: 0/0
   279 | D:1      | Reached XP level 2. HP: 24/27 MP: 1/1
   943 | D:2      | Noticed Terence
   950 | D:2      | Reached XP level 3. HP: 11/33 MP: 2/2
   956 | D:2      | Killed Terence
   956 | D:2      | Reached skill level 5 in Unarmed Combat
  1449 | D:2      | Found a sparkling altar of Nemelex Xobeh.
  1538 | D:2      | Reached XP level 4. HP: 39/41 MP: 3/3
  1711 | D:2      | Became a worshipper of Nemelex Xobeh the Trickster
  1711 | D:2      | Received a gift from Nemelex Xobeh
  1711 | D:2      | Received a gift from Nemelex Xobeh
  1821 | D:2      | Found a deep blue altar of Sif Muna.
  1878 | D:2      | Noticed Ijyb
  1890 | D:2      | Killed Ijyb
  1890 | D:2      | Reached skill level 1 in Polearms
  2314 | D:3      | Reached skill level 1 in Axes
  2369 | D:3      | Reached skill level 1 in Armour
  2369 | D:3      | Reached XP level 5. HP: 40/47 MP: 4/4
  2722 | D:3      | Reached skill level 5 in Fighting
  2855 | D:4      | Noticed an ogre
  2865 | D:4      | Killed an ogre
  2865 | D:4      | Reached XP level 6. HP: 56/56 MP: 5/5
  2987 | D:4      | Received a gift from Nemelex Xobeh
  3005 | D:4      | Acquired Nemelex Xobeh's first power
  3454 | D:5      | Entered Level 5 of the Dungeon
  3491 | D:5      | Found a staircase to the Ecumenical Temple.
  3499 | Temple   | Entered the Ecumenical Temple
  3767 | D:5      | Found a sand-covered staircase.
  3774 | Ossuary  | Entered an ossuary
  3817 | Ossuary  | Received a gift from Nemelex Xobeh
  3841 | Ossuary  | Reached skill level 5 in Dodging
  3858 | Ossuary  | Reached XP level 7. HP: 44/61 MP: 6/6
  4173 | D:5      | Found a glowing golden altar of the Shining One.
  4278 | D:5      | Found a sacrificial altar of Ru.
  4302 | D:5      | Found a shadowy altar of Dithmenos.
  4303 | D:5      | Found a bloodstained altar of Trog.
  4303 | D:5      | Found an opulent altar of Gozag.
  4315 | D:5      | Found a blossoming altar of Fedhas.
  4484 | D:5      | Reached skill level 6 in Fighting
  4686 | D:6      | Acquired Nemelex Xobeh's second power
  4725 | D:6      | Received a gift from Nemelex Xobeh
  4825 | D:6      | Paralysed by a wasp for 2 turns
  5102 | D:6      | Found Nel Odgh's Antique Armour Emporium.
  5117 | D:6      | Reached skill level 5 in Axes
  5129 | D:6      | Reached XP level 8. HP: 51/70 MP: 7/7
  5135 | D:6      | Bought a pair of gloves for 144 gold pieces
  5269 | D:6      | Slain by an orc warrior

Vault maps used:
D:1:      dpeg_arrival_brainrot, hex_intersection
D:2:      lemuel_blue_sif_altar, nemelex_dance_club_becter, uniq_iyjb,
          uniq_terence
D:4:      first_bread, minivault_5
D:5:      lemuel_crystal_altar, nicolae_overflow_quartered_altars,
          minmay_temple_entry_nine_rooms, lightli_ossuary_entry_decrepit_ruins,
          tso_metal_star
D:6:      serial_shops, shop_statue, chei_slow_surprise
Temple:   nicolae_temple_figure_eight
Ossuary:  minmay_ossuary_two_tombs

Action                   |  1- 3 |  4- 6 |  7- 9 || total
-------------------------+-------+-------+-------++-------
Melee: Unarmed           |    15 |       |       ||    15
       Spear             |    49 |       |       ||    49
       Hand axe          |    18 |   181 |   106 ||   305
Evoke: Deck              |       |     6 |     6 ||    12
       Wand              |       |       |     3 ||     3
  Use: Scroll            |       |     7 |     2 ||     9
       Potion            |       |     4 |     5 ||     9
  Eat: Meat ration       |     1 |       |       ||     1
       Bread ration      |       |     2 |     1 ||     3
